 Dungeon Crawl Stone Soup version 0.24.0-35-gdb84b6a5db (webtiles) character file.

Game seed: 6811849530906624182, levelgen mode: deterministic

65 Mattiprrivan the Ruffian (level 3, -8/29 HPs)
             Began as a Minotaur Monk on Nov 19, 2019.
             Was a Believer of Hepliaklqana.
             Killed from afar by Eustachio (12 damage)
             ... with an exploding inner flame
             ... hexed by the player character
             ... on level 4 of the Dungeon.
             The game lasted 00:17:35 (1828 turns).

Mattiprrivan the Ruffian (Minotaur Monk)            Turns: 1828, Time: 00:17:38

Health: -8/29      AC:  9    Str: 13 (16) XL:     3   Next: 92%
Magic:  2/2        EV: 11    Int:  5 (7)  God:    Hepliaklqana [**....]
Gold:   136        SH:  0    Dex:  9 (12) Spells: 2/2 levels left

rFire    + . .     SeeInvis .     - Unarmed
rCold    + . .     Gourm    .   (no shield)
rNeg     . . .     Faith    .   h - +4 ring mail
rPois    +         Spirit   .   (helmet restricted)
rElec    +         Reflect  .   l - +0 cloak
rCorr    +         Harm     .   (no gloves)
MR       .....                  n - -2 pair of boots (curse)
Stlth    +.........             (no amulet)
HPRegen  0.09/turn              f - ring of resist corrosion
MPRegen  0.08/turn              (no ring)

@: resistant
A: retaliatory headbutt, reduced essence, horns 2
a: Ancestor Life: Knight, Ancestor Life: Battlemage, Ancestor Life: Hexer,
Recall Ancestor, Ancestor Identity, Renounce Religion


You were on level 4 of the Dungeon.
You worshipped Hepliaklqana.
Hepliaklqana was pleased with you.
You were full.

You visited 1 branch of the dungeon, and saw 3 of its levels.

You collected 136 gold pieces.

Inventory:

Hand Weapons
 c - a +2 hand axe
 g - a +0 dagger
Missiles
 j - 3 datura-tipped darts (quivered)
Armour
 a - a +0 robe
 b - a +0 plate armour
 e - a +1 leather armour
 h - a +4 ring mail (worn)
 l - a +0 cloak (worn)
 n - a cursed -2 pair of boots (worn)
Jewellery
 f - a ring of resist corrosion (left hand)
Potions
 d - 3 potions of curing
Comestibles
 k - 2 rations


   Skills:
 * Level 4.2 Fighting
 + Level 0.2 Armour
 + Level 3.7 Dodging
 + Level 1.9 Stealth
 * Level 4.3 Unarmed Combat


You had 2 spell levels left.
You didn't know any spells.
Your spell library was empty.

Dungeon Overview and Level Annotations

Branches:
Dungeon (2/15)

Altars:
Ashenzari
Hepliaklqana


Innate Abilities, Weirdness & Mutations

You reflexively headbutt those who attack you in melee.
You have a pair of horns on your head.
Your life essence is reduced to manifest your ancestor. (-10% HP)


Message History

You see here a scroll labeled IJAOTT GOCYENO.
i - a scroll labeled IJAOTT GOCYENO The leopard gecko bites you but does no damage.
Eustachio closely misses you.
The giant cockroach waves its antennae.
As you read the scroll labeled IJAOTT GOCYENO, it crumbles to dust.
The creatures around you are filled with an inner flame!
It was a scroll of immolation.
The leopard gecko bites you but does no damage.
The leopard gecko bites you.
* * * LOW HITPOINT WARNING * * *
Eustachio hits you but does no damage.
You hit the giant cockroach.
The giant cockroach explodes!
The fiery explosion engulfs the leopard gecko!!!
The leopard gecko explodes!
The fiery explosion engulfs Eustachio!!!
Eustachio explodes!
The fiery explosion engulfs you! You resist.
You die...

#........#.##..........
.#.#......#.#########.
.............#
.......5...[.###
..<....rr........
.......r..........
..#.§§§r.........
#.§§§§§........
#.#§@§§#.......
#.######....... #
...... .... ...


You could see 2 river rats, a white imp, a quokka and a rat.

Vanquished Creatures
  2 adders (D:2)
  An ooze (D:2)
  A worm (D:2)
  A dart slug (D:2)
  2 leopard geckos
  A giant cockroach (D:1)
  5 hobgoblins
  4 jackals (D:1)
  A quokka (D:2)
  4 bats
  2 frilled lizards
  4 kobolds
  11 rats
39 creatures vanquished.

Notes
Turn   | Place    | Note
-------+----------+-------------------------------------------
     0 | D:1      | Mattiprrivan the Minotaur Monk began the quest for the Orb.
     0 | D:1      | Reached XP level 1. HP: 19/19 MP: 0/0
   186 | D:1      | Reached XP level 2. HP: 27/27 MP: 1/1
  1448 | D:2      | Reached XP level 3. HP: 33/33 MP: 2/2
  1696 | D:2      | Found a shattered altar of Ashenzari.
  1711 | D:2      | Found a hazy altar of Hepliaklqana.
  1730 | D:2      | Became a worshipper of Hepliaklqana the Forgotten
  1730 | D:2      | Reached * piety under Hepliaklqana
  1730 | D:2      | Reached ** piety under Hepliaklqana
  1778 | D:2      | You fall into a shaft and drop 2 floors!
  1789 | D:4      | Noticed Eustachio
  1828 | D:4      | Killed Eustachio
  1828 | D:4      | Killed from afar by Eustachio

Levels and vault maps discovered:
D:1:      dpeg_arrival_ratfight, layout_basic, nrook_loot_triangle,
          item_on_display_b
D:2:      layout_loops_ring, tso_metal_star,
          chequers_temple_overflow_statue_of_worship, st_stairs_1,
          minmay_pentomino_w2
D:4:      layout_basic, lemuel_coloured_pillars_altar, uniq_eustachio

Skill      XL: |  1  2  3 |
---------------+----------+-----
Fighting       | 4 |  4.2
Unarmed Combat | 4 |  4.3
Armour         | |  0.2
Dodging        | |  3.7
Stealth        | |  1.9

Action                   || total
-------------------------++-------
Melee: Unarmed           ||    92
       Headbutt          ||    15
       Punch             ||     1
  Use: Potion            ||     9
       Scroll            ||    11
 Stab: Sleeping          ||     5
  Eat: Ration            ||     2
Armor: Robe              ||     7
       Leather armour    ||     4
       Ring mail         ||    38
Dodge: Dodged            ||    76
